 Dungeon Crawl Stone Soup version 0.31-a0-221-gbddc013574 (webtiles) character file.

Game seed: 18140557978064910052

445 Shard1697 the Cudgeller (level 6, -4/55 HPs)
             Began as an Armataur Fighter on July 4, 2023.
             Killed from afar by Natasha (10 damage)
             ... with a magic dart
             ... on level 3 of the Dungeon.
             The game lasted 00:04:27 (3254 turns).

Shard1697 the Cudgeller (Armataur Fighter)          Turns: 3254, Time: 00:04:28

Health: -4/55      AC: 10    Str: 22 (23) XL:     6   Next: 72%
Magic:  6/6        EV:  7    Int:  5 (9)  God:
Gold:   117        SH:  4    Dex:  9      Spells: 5/5 levels left

rFire   . . .        a - +0 flail
rCold   . . .        c - +0 buckler
rNeg    . . .        b - +0 scale mail
rPois   .            l - +2 helmet
rElec   .            (no cloak)
rCorr   .            (no gloves)
SInv    .            (no barding)
Will    .....        (no amulet) Stlth
                     (no ring)
HPRegen 0.29/turn    (no ring)
MPRegen 0.10/turn

%: roll
@: no status effects
A: large, rugged brown scales 3, deformed body, armoured tail, roll, long
tongue, awkward tongue
a: no special abilities


You were on level 3 of the Dungeon.
You visited 1 branch of the dungeon, and saw 4 of its levels.
You also visited: Ossuary.

You collected 117 gold pieces.

Inventory:

Hand Weapons
 a - a +0 flail (weapon)
Armour
 b - a +0 scale mail (worn)
 c - a +0 buckler (worn)
 l - a +2 helmet (worn)
Wands
 j - a wand of flame (2)
Scrolls
 d - a scroll of poison {unknown}
 e - a scroll of teleportation {unknown}
 f - 3 scrolls of enchant armour
 g - a scroll of revelation
 h - a scroll of fear {unknown}
 k - a scroll of noise {unknown}
 m - a scroll of torment {unknown}
 n - a scroll of vulnerability {unknown}
 o - a scroll of amnesia {unknown}
 q - a scroll of fog
 s - 2 scrolls of identify {unknown}
Potions
 p - a potion of attraction


   Skills:
 + Level 4.0 Fighting
 + Level 5.9 Maces & Flails
 - Level 3.6 Armour
 - Level 3.2 Shields


You had 5 spell levels left.
You didn't know any spells.
Your spell library contained the following spells:

 Spells                   Type           Power      Damage    Failure   Level
 Lesser Beckoning         Tloc           0%         N/A       95%         2
 Gell's Gravitas          Tloc           0%         N/A       99%         3
 Teleport Other           Tloc           0%         N/A       99%         3


Dungeon Overview and Level Annotations

Branches:
Dungeon (4/15)            Ossuary (visited)
 Temple: D:4-7

Altars:
Dithmenos
Sif Muna
Vehumet
Yredelemnul

Annotations:
D:3 2 transporters, Natasha; Ymiko097's ghost, amateur DsNe


Innate Abilities, Weirdness & Mutations

You are completely covered in rugged brown scales. (AC +3, +7% HP)
Armour fits poorly on your strangely shaped body.
You have a long armoured tail.
You roll when moving toward enemies. (Rampage)
Your long tongue fully drains potion bottles. (2x potion effects)
Your tongue gives you trouble enunciating. (1.5x scroll delay)


Message History

There is a stone staircase leading down, spattered with blood here.
You see here a +0 dagger.
You start resting.
You start to feel less resistant.
You start resting.
Your resistance to elements expires.
You climb downwards.
The mummy hits you! The mummy completely misses you.
There is a stone staircase leading up, spattered with blood here.
The mummy completely misses you. The mummy hits you.
You climb upwards.
Level annotation: 2 transporters, Ymiko097's ghost, amateur DsNe
There is a stone staircase leading down, spattered with blood here.
You see here a +0 dagger.
You hit the mummy.
The mummy is moderately damaged.
The mummy completely misses you.
You barely miss the mummy.
You tail-slap the mummy, but do no damage.
The mummy is moderately damaged.
The mummy hits you!
* * * LOW HITPOINT WARNING * * *
You hit the mummy. You tail-slap the mummy!
The mummy is almost destroyed.
The mummy hits you.
* * * LOW HITPOINT WARNING * * *
The mummy hits you but does no damage.
You barely miss the mummy.
The mummy is almost destroyed.
The mummy closely misses you. x2
You hit the mummy.
You destroy the mummy!
You see here a bullfrog skeleton.
Natasha, Servant of Life and Death comes into view.
Natasha hisses angrily.
Natasha claws you.
* * * LOW HITPOINT WARNING * * *
You miss Natasha.
Natasha stares at you and mumbles some strange words.
The magic dart hits you!
You die...

#.# ###...#.###.#.###.## #.#
#.................
#.#####...#.#########..#
#....†......## #..#
##########..#...# #..# ##...##
#......# #... ######M###.#
##.#...########..# ..[>÷..#
#M######h#..##..........
######.###......@.........####..#
##...#########..####.####..#
##### #..####........
#.............# ##.##########.#
#..........(.# ##############


You could see a mummy and Natasha.

Vanquished Creatures
  A black bear (D:3)
  A phantom (D:3)
  A bullfrog (D:3)
  A hound (D:3)
  Jessica (D:3)
  Natasha (D:3)
  2 mummies
  Robin (D:3)
  3 adders
  4 dart slugs
  An orc (D:3)
  3 endoplasms
  2 giant cockroaches
  A gnoll zombie (Ossuary)
  11 goblins
  8 hobgoblins
  3 jackals (D:1)
  2 kobolds (D:3)
  A quokka (D:3)
  6 ball pythons
  5 bats
  2 goblin zombies (D:4)
  3 orc zombies (Ossuary)
  10 rats
74 creatures vanquished.

Notes
Turn   | Place    | Note
-------+----------+-------------------------------------------
     0 | D:1      | Shard1697 the Armataur Fighter began the quest for the Orb.
     0 | D:1      | Reached XP level 1. HP: 19/19 MP: 1/1
   142 | D:1      | Reached skill level 2 in Maces & Flails
   242 | D:1      | Reached XP level 2. HP: 26/26 MP: 2/2
   853 | D:2      | Reached skill level 3 in Maces & Flails
   992 | D:2      | Reached XP level 3. HP: 32/32 MP: 3/3
  1186 | D:2      | Found a faded altar of an unknown god.
  1694 | D:3      | Noticed Jessica
  1695 | D:3      | Noticed a phantom
  1780 | D:3      | Killed a phantom
  1781 | D:3      | Reached skill level 4 in Maces & Flails
  1781 | D:3      | Reached XP level 4. HP: 21/39 MP: 4/4
  1785 | D:3      | Killed Jessica
  1786 | D:3      | Reached XP level 5. HP: 7/44 MP: 5/5
  2013 | D:3      | Found a transporter.
  2016 | D:3      | Noticed Ymiko097's ghost (amateur DsNe)
  2024 | D:3      | Reached skill level 5 in Maces & Flails
  2042 | D:3      | Found a transporter.
  2073 | D:3      | Found a shimmering blue altar of Sif Muna.
  2282 | D:3      | Found a shadowy altar of Dithmenos.
  2293 | D:3      | Noticed Natasha
  2298 | D:3      | Killed Natasha
  2390 | D:3      | Found a radiant altar of Vehumet.
  2400 | D:3      | Found a basalt altar of Yredelemnul.
  2522 | D:3      | Noticed Robin
  2542 | D:3      | Killed Robin
  2759 | D:3      | Reached XP level 6. HP: 3/54 MP: 6/6
  2759 | D:3      | HP: 1/54 [orc/+0 flail (3)]
  3003 | D:4      | Found a sand-covered staircase.
  3050 | Ossuary  | Entered an ossuary
  3252 | D:3      | Noticed Natasha
  3254 | D:3      | Killed from afar by Natasha

Illustrated notes

Levels and vault maps discovered:
D:1:      dpeg_arrival_rhombi, layout_basic, hangedman_decor_clover_reticule
D:2:      layout_loops_ring, shapermc_ecumenical_altar_mp_highgroup
D:3:      layout_loops_ring, grunt_dithmenos_smoke_and_mirrors,
          mainiacjoe_overflow_brackets, mainiacjoe_overflow_big_doors,
          gammafunk_ghost_mausoleum, uniq_robin, uniq_natasha, uniq_jessica
D:4:      layout_cave_pools, minmay_temple_entry_large_hall, enter_ossuary_4,
          kennysheep_decorative_pillar

Skill      XL: |  1  2  3  4  5  6 |
---------------+-------------------+-----
Maces & Flails | 2 3 4 5 |  5.9
Fighting       | 3 4 |  4.0
Armour         | |  3.6
Shields        | |  3.2

Action                     |  1- 3 |  4- 6 || total
---------------------------+-------+-------++-------
  Melee: Flail             |   111 |   136 ||   247
         Tailslap          |    11 |    12 ||    23
    Use: Potion            |     3 |     8 ||    11
         Scroll            |       |     3 ||     3
 Armour: Scale mail        |    82 |    56 ||   138
         Skin              |       |    10 ||    10
  Dodge: Dodged            |    45 |    71 ||   116
  Block: Buckler           |    24 |    36 ||    60

Table legend: (Time is in decaauts)
 A = Elapsed time spent in this place.
 B = Non-inter-level travel time spent in this place.
 C = Inter-level travel time spent in this place.
 D = Time resting spent in this place.
 E = Time spent auto-exploring this place.
 F = Levels seen in this place.
 G = Mean time per level.
                   A        B        C        D        E       F      G
               +--------+--------+--------+--------+--------+-----+--------+
         Total |   3309 |   3152 |    157 |    689 |   1794 |   5 |  661.8 |
       Dungeon |   3252 |   3095 |    157 |    689 |   1794 |   4 |  813.0 |
       Ossuary |     57 |     57 |      0 |      0 |      0 |   1 |   57.0 |
               +--------+--------+--------+--------+--------+-----+--------+

Top non-repeatable levels by time:
     D:3: 1414 daAuts
     D:2: 867 daAuts
     D:1: 862 daAuts
     D:4: 107 daAuts
 Ossuary: 57 daAuts
